 Dungeon Crawl Stone Soup version 0.18.1-48-g4cf74bf (webtiles) character file.

58 tyranidshit the Grave Robber (level 3, -3/28 HPs)
             Began as a Deep Dwarf Necromancer on July 6, 2016.
             Slain by Sigmund
             ... wielding a +0 scythe of venom
              (14 damage)
             ... on level 2 of the Dungeon.
             The game lasted 00:13:36 (1478 turns).

tyranidshit the Grave Robber (DDNe)                 Turns: 1478, Time: 00:13:38

Health: -3/28      AC:  3    Str: 11    XL:     3   Next: 75%
Magic:  0/6        EV: 12    Int: 15    God:
Gold:   71         SH:  0    Dex: 14    Spells: 2 memorised, 2 levels left

rFire  . . .     SeeInvis .     h - +0 spear
rCold  . . .     Gourm    .     a - +0 robe
rNeg   . . .     Faith    .     (no shield)
rPois  .         Spirit   .     l - +0 helmet (curse)
rElec  .         Dismiss  .     (no cloak)
rCorr  .         Reflect  .     (no gloves)
SustAt .         Harm     .     (no boots)
MR     .....                    (no amulet)
Stlth  ++........               (no ring)
                                (no ring)

@: lethally poisoned (-3 -> -16), non-regenerating, not resistant to hostile
enchantments, unstealthy
A: damage resistance, recharge devices, sense surroundings 1, slow regeneration
3
a: Device Recharging


You were on level 2 of the Dungeon.
You were not hungry.

You visited 1 branch of the dungeon, and saw 3 of its levels.

You collected 71 gold pieces.

Inventory:

Hand Weapons
 h - a +0 spear (weapon)
Armour
 a - a +0 robe (worn)
 l - a cursed +0 helmet (worn)
Jewellery
 j - an uncursed amulet of faith
Wands
 c - a wand of heal wounds (0/9)
Scrolls
 g - 2 scrolls of random uselessness
 i - a scroll of amnesia
Potions
 e - a potion of brilliance {unknown}
Books
 b - a book of Necromancy

   Spells                             Type                      Level
   a - Pain                           Necromancy                   1
   b - Animate Skeleton               Necromancy                   1
   c - Vampiric Draining              Necromancy                   3
   d - Regeneration                   Charms/Necromancy            3
   e - Animate Dead                   Necromancy                   4
   f - Control Undead                 Necromancy                   4
Comestibles
 d - a bread ration
 f - a meat ration


   Skills:
 - Level 2.1 Dodging
 - Level 2.4 Stealth
 + Level 2.2 Spellcasting
 * Level 5.6 Necromancy


You had 2 spell levels left.
You knew the following spells:

 Your Spells              Type           Power        Failure   Level  Hunger
a - Pain                  Necr           ###.         1%          1    #......
b - Vampiric Draining     Necr           ###.......   10%         3    ###....


Dungeon Overview and Level Annotations

Branches:
Dungeon (3/15)

Altars:

Annotations:
D:2 Robin, Sigmund


Innate Abilities, Weirdness & Mutations

You are resistant to damage.
You can recharge devices by infusing magical energy.
You passively map a small area around you.
You do not regenerate naturally.


Message History

Sigmund is almost dead.
You feel sick.
You completely miss Sigmund.
Sigmund is almost dead.
You feel sick.
Sigmund breathes a few words.
Sigmund's hands start flickering wildly.
Sigmund hits you with a scythe of venom.
You are more poisoned.
You hit Sigmund but do no damage.
Sigmund is almost dead.
You feel very sick.
Sigmund hits you with a scythe of venom.
You are lethally poisoned!
You hit Sigmund.
Sigmund is almost dead.
You feel very sick.
Sigmund hits you with a scythe of venom!
Ouch! That really hurt!
You die...

#############.#.#
#...............#
#####'###########.###
#.....†# #....
#......# * * *##### *
#......#* , , ,
#......# * ** *+ #
#......# , ,, #
*#...@..# , , #
+...@..#*,*, , #
**#......# * #
#......# , , #
#......# .### ,
######## * .... * * *
* #### , , , * ,


You could see Sigmund.

Vanquished Creatures
  A gnoll (D:1)
  An adder (D:2)
  An ooze (D:2)
  A worm (D:2)
  A dart slug (D:1)
  2 giant cockroaches
  7 goblins
  2 hobgoblins
  4 bats
  6 giant newts
  2 kobolds
  4 rats (D:1)
32 creatures vanquished.

Notes
Turn   | Place    | Note
--------------------------------------------------------------
     0 | D:1      | tyranidshit the Deep Dwarf Necromancer began the quest for the Orb.
     0 | D:1      | Reached XP level 1. HP: 15/15 MP: 3/3
   461 | D:1      | Reached XP level 2. HP: 22/22 MP: 2/4
   565 | D:1      | Reached skill level 5 in Necromancy
   720 | D:1      | Reached XP level 3. HP: 8/28 MP: 1/6
   726 | D:1      | Learned a level 3 spell: Vampiric Draining
  1165 | D:2      | Noticed Robin
  1209 | D:3      | Found a faded altar to an unknown god.
  1379 | D:2      | HP: 1/28 [worm (9)]
  1454 | D:2      | Noticed Sigmund
  1478 | D:2      | Slain by Sigmund

Skill      XL: |  1  2 |
---------------+-------+-----
Necromancy     | 5 |  5.6
Spellcasting   | 2 |  2.2
Dodging        | |  2.1
Stealth        | |  2.4

Action                   || total
-------------------------++-------
Melee: Unarmed           ||     3
       Spear             ||    39
 Cast: Pain              ||    62
       Vampiric Draining ||     3
Evoke: Wand              ||     5
  Use: Scroll            ||     5
  Eat: Bread ration      ||     1
Armor: Robe              ||    12
Dodge: Dodged            ||    39
